 Dungeon Crawl Stone Soup version 0.21.1-1-g345015fe64 (webtiles) character file.

660 Oravi the Changer (level 7, -4/52 HPs)
             Began as a Merfolk Transmuter on May 3, 2018.
             Was an Initiate of Okawaru.
             Slain by Edmund
             ... wielding a +5 flail of crushing
              (10 damage)
             ... on level 6 of the Dungeon.
             The game lasted 00:15:17 (5865 turns).

Oravi the Changer (Merfolk Transmuter)              Turns: 5865, Time: 00:15:17

Health: -4/52      AC:  2    Str: 11    XL:     7   Next: 56%
Magic:  7/11       EV: 23    Int: 14    God:    Okawaru [......]
Gold:   336        SH:  0    Dex: 19    Spells: 2/12 levels left

rFire    . . .     SeeInvis .     - Unarmed
rCold    . . .     Gourm    +   (shield currently unavailable)
rNeg     + . .     Faith    .   (armour currently unavailable)
rPois    x         Spirit   .   (helmet currently unavailable)
rElec    .         Reflect  .   (cloak currently unavailable)
rCorr    .         Harm     .   (gloves currently unavailable)
MR       .....                  (boots currently unavailable)
Stlth    ++........             t - amulet of the gourmand
HPRegen  0.17/turn              x - ring of wizardry
MPRegen  0.12/turn              e - ring of positive energy

@: spider-form, slowed, very slow
A: tiny, (change form in water), (swift swim), (stealthy swim)
a: End Transformation, Renounce Religion


You were on level 6 of the Dungeon.
You worshipped Okawaru.
Okawaru was noncommittal.
You were very full.
You were a venomous arachnid creature.
You visited 2 branches of the dungeon, and saw 7 of its levels.

You collected 336 gold pieces.

Inventory:

Missiles
 a - 7 arrows
 g - 135 stones (quivered)
 n - 3 tomahawks
Armour
 b - a +1 robe (melded)
Magical Staves
 l - an uncursed staff of wizardry (melded)
Jewellery
 e - a ring of positive energy (right front leg)
 t - an amulet of the gourmand (around neck)
 x - a ring of wizardry (left front leg)
Wands
 h - a wand of iceblast (6)
 k - a wand of disintegration (12)
 p - a wand of enslavement (10)
Scrolls
 f - 6 scrolls of teleportation
 i - a scroll of enchant armour
 j - 5 scrolls of magic mapping
 w - a scroll of enchant weapon
 y - a scroll of fog
Potions
 m - 3 potions of might
 o - a potion of mutation
 q - 2 potions of ambrosia
 r - a potion of cancellation
 s - a potion of curing
 u - a potion of brilliance
 v - a potion of agility {unknown}
 z - a potion of lignification {unknown}
Books
 c - a book of Changes

   Spells                             Type                      Level
   a - Beastly Appendage              Transmutation                1
   b - Sticks to Snakes               Transmutation                2
   c - Spider Form                    Transmutation/Poison         3
   d - Ice Form                       Ice/Transmutation            4
   e - Blade Hands                    Transmutation                5
Comestibles
 d - 9 rations


   Skills:
 + Level 3.1 Fighting
 + Level 4.6 Dodging
 + Level 5.1 Unarmed Combat
 + Level 3.2 Spellcasting
 + Level 5.7 Transmutations
 + Level 0.9 Ice Magic
 - Level 3.0 Poison Magic


You had 2 spell levels left.
You knew the following spells:

 Your Spells              Type           Power        Failure   Level  Hunger
a - Beastly Appendage     Tmut           ###...       3%          1    #......
b - Sticks to Snakes      Tmut           ###.....     4%          2    ##.....
c - Spider Form           Tmut/Pois      ##........   11%         3    ###....
d - Ice Form              Ice/Tmut       ##......     36%         4    #####..


Dungeon Overview and Level Annotations

Branches:
Dungeon (6/15)             Temple (1/1) D:5

Altars:
Ashenzari
Cheibriados
Dithmenos
Elyvilon
Fedhas
Gozag
Hepliaklqana
Kikubaaqudgha
Makhleb
Nemelex Xobeh
Okawaru
Qazlal
Ru
Sif Muna
Trog
Uskayaw
Vehumet
Wu Jian
Xom
Yredelemnul
Zin
The Shining One

Shops:
D:4 (

Annotations:
D:4 Freyura's ghost, novice FoFi
D:6 Edmund


Message History

You hit Edmund but do no damage.
Edmund is lightly wounded.
You hear some strange, mumbled words.
A puff of frost appears from out of thin air!
The puff of frost misses you.
Edmund asks, "Have you met my wondrous brother?"
Edmund completely misses you. Something closely misses you.
You hear some strange, mumbled words.
A puff of frost appears from out of thin air!
The puff of frost hits you!
* * * LOW HITPOINT WARNING * * *
Edmund closely misses you. Edmund completely misses you. Something hits you.
* * * LOW HITPOINT WARNING * * *
A howler monkey comes into view.
You feel better.
The howler monkey howls!
Something closely misses you. Something hits you.
* * * LOW HITPOINT WARNING * * *
Edmund hits you with a flail of crushing!
You die...

...........>.(....
...................
....................
.....h..............
...................
...........).......
#.........)......
##.....@.........
#########...s.##....!..
#..........#### .......
#..........####........
..........................
####..........#### #......
#........<.# #.....
#..........# ############


You could see Edmund and a howler monkey.

Vanquished Creatures
  An ice beast (D:3)
  2 ogres (D:4)
  A crimson imp (D:5)
  A hound (D:5)
  An orc wizard (D:6)
  2 orc priests (D:5)
  2 iguanas
  A hound skeleton (D:5)
  3 adders
  3 dart slugs
  6 worms
  2 leopard geckos
  17 orcs
  3 ball pythons
  3 giant cockroaches
  15 hobgoblins
  2 jackals (D:4)
  3 quokkas
  8 bats
  6 frilled lizards
  8 goblins
  A jackal skeleton (D:4)
  11 kobolds
  A leopard gecko skeleton (D:4)
  8 rats
111 creatures vanquished.

Vanquished Creatures (collateral kills)
  A howler monkey skeleton (D:4)
1 creature vanquished.

Grand Total: 112 creatures vanquished

Notes
Turn   | Place    | Note
-------+----------+-------------------------------------------
     0 | D:1      | Oravi the Merfolk Transmuter began the quest for the Orb.
     0 | D:1      | Reached XP level 1. HP: 15/15 MP: 3/3
     7 | D:1      | Noticed an eight-headed hydra
     7 | D:1      | Noticed a salamander
     7 | D:1      | Noticed a killer bee
     7 | D:1      | Noticed a hound
   303 | D:1      | Reached XP level 2. HP: 15/21 MP: 5/5
   858 | D:1      | Reached XP level 3. HP: 3/26 MP: 4/6
  1462 | D:1      | Learned a level 2 spell: Sticks to Snakes
  1466 | D:1      | Learned a level 3 spell: Spider Form
  1530 | D:2      | Found a stormy altar of Qazlal.
  1678 | D:2      | Reached skill level 1 in Poison Magic
  1679 | D:2      | Reached XP level 4. HP: 28/32 MP: 5/7
  2606 | D:3      | Found a deep blue altar of Sif Muna.
  2610 | D:3      | Found a shimmering altar of Xom.
  2994 | D:3      | Reached XP level 5. HP: 37/37 MP: 5/8
  3052 | D:3      | Found a white marble altar of Elyvilon.
  3058 | D:3      | Noticed an ice beast
  3073 | D:3      | Killed an ice beast
  3531 | D:4      | Noticed an ogre
  3535 | D:4      | Noticed Freyura's ghost (novice FoFi)
  3543 | D:4      | Killed an ogre
  3543 | D:4      | Reached skill level 5 in Transmutations
  3543 | D:4      | Reached XP level 6. HP: 46/46 MP: 6/9
  3863 | D:4      | Reached XP level 7. HP: 51/51 MP: 7/11
  4613 | D:4      | Found Viliseat's Weapon Boutique.
  4765 | D:5      | Entered Level 5 of the Dungeon
  4801 | D:5      | Reached skill level 5 in Unarmed Combat
  4827 | D:5      | Found a staircase to the Ecumenical Temple.
  4834 | Temple   | Entered the Ecumenical Temple
  4915 | Temple   | Became a worshipper of Warmaster Okawaru
  5208 | D:5      | Learned a level 4 spell: Ice Form
  5852 | D:6      | Noticed Edmund
  5864 | D:6      | HP: 2/52 [something (2)]
  5865 | D:6      | Slain by Edmund

Skill      XL: |  1  2  3  4  5  6  7 |
---------------+----------------------+-----
Transmutations | 3 4 5 |  5.7
Unarmed Combat | 4 5 |  5.1
Poison Magic   | 1 2 3 |  3.0
Dodging        | 3 4 |  4.6
Fighting       | 2 3 |  3.1
Spellcasting   | 3 |  3.2
Ice Magic      | |  0.9

Action                   |  1- 3 |  4- 6 |  7- 9 || total
-------------------------+-------+-------+-------++-------
Melee: Unarmed           |   126 |   148 |    76 ||   350
       Headbutt          |     8 |       |       ||     8
       Staff             |       |     7 |       ||     7
 Cast: Beastly Appendage |    19 |     1 |       ||    20
       Spider Form       |     4 |    25 |    12 ||    41
       Sticks to Snakes  |       |       |     5 ||     5
  Use: Potion            |     2 |       |     2 ||     4
       Scroll            |       |     8 |     7 ||    15
 Stab: Sleeping          |     2 |     3 |     1 ||     6
  Eat: Chunk             |     3 |    24 |     7 ||    34
Armor: Robe              |    18 |     1 |       ||    19
       Skin              |     7 |     6 |     4 ||    17
Dodge: Dodged            |    94 |   103 |    82 ||   279
